 Dungeon Crawl Stone Soup version 0.29.1-2-gbd0b4ee654 (webtiles) character file.

Game seed: 12010678819776676899

2354 funnyparkerb the Nimble (level 9, -1/43 HPs)
             Began as a Felid Summoner on Nov 3, 2022.
             Was an Initiate of Gozag.
             Killed from afar by an acid dragon (24 damage)
             ... with a splash of acid
             ... on level 10 of the Dungeon.
             The game lasted 00:38:32 (13168 turns).

funnyparkerb the Nimble (Felid Summoner)           Turns: 13168, Time: 00:38:33

Health: -1/43      AC:  2    Str:  4    XL:     9   Next: 20%
Magic:  16/21      EV: 24    Int: 33    God:    Gozag
Gold:   714        SH:  0    Dex: 17    Spells: 1/23 levels left
                                        Lives:  0   Deaths: 3

rFire   . . .      SeeInvis +   (weapon unavailable)
rCold   . . .      Faith    .   (shield unavailable)
rNeg    . . .      Spirit   .   (body armour unavailable)
rPois   .          Reflect  .   (helmet unavailable)
rElec   .          Harm     .   (cloak unavailable)
rCorr   .          Rampage  .   (gloves unavailable)
Will    +....                   (boots unavailable)
Stlth   ++........              J - amulet of magic regeneration
HPRegen 0.14/turn               x - +6 ring of intelligence
MPRegen 0.57/turn               u - +6 ring of intelligence

@: quick
A: very small, claws 1, fangs 3, see invisible, speed 1, shaggy fur 2, stealthy
paws, no weapons or thrown items, no armour, multi-lived
a: Renounce Religion, Potion Petition, Call Merchant, Bribe Branch


You were on level 10 of the Dungeon.
You worshipped Gozag.
Gozag was pleased with you.
You visited 2 branches of the dungeon, and saw 12 of its levels.
You also visited: Sewer.

You collected 1548 gold pieces.
You spent 792 gold pieces at shops.
You paid 42 gold pieces to Gozag.

Inventory:

Jewellery
 f - a +6 ring of dexterity
 r - a ring of magical power
 u - a +6 ring of intelligence (right paw)
 x - a +6 ring of intelligence (left paw)
 E - a +6 ring of strength
 J - an amulet of magic regeneration (around neck)
 K - an amulet of guardian spirit
 M - an amulet of the acrobat
Wands
 s - a wand of polymorph (23)
 t - a wand of flame (22)
 y - a wand of quicksilver (2)
 H - a wand of roots (5)
Scrolls
 b - 2 scrolls of fog {unknown}
 e - a scroll of noise {unknown}
 h - 7 scrolls of amnesia {unknown}
 j - a scroll of poison
 k - a scroll of magic mapping
 l - 2 scrolls of summoning
 m - a scroll of silence
 n - a scroll of immolation
 w - 2 scrolls of vulnerability
 A - 2 scrolls of teleportation
 B - a scroll of torment
 C - a scroll of fear
 F - 2 scrolls of identify
 G - a scroll of blinking {unknown}
Potions
 a - 2 potions of magic
 c - a potion of berserk rage {unknown}
 d - 4 potions of degeneration {unknown}
 g - 4 potions of curing
 i - 3 potions of flight {unknown}
 o - 4 potions of heal wounds {unknown}
 p - a potion of might
 q - 2 potions of mutation {unknown}
 v - a potion of brilliance {unknown}
 z - 2 potions of invisibility {unknown}
 D - a potion of haste
 I - 2 potions of ambrosia {unknown}
 L - a potion of cancellation {unknown}


   Skills:
 + Level 7.4 Fighting
 + Level 10.2 Dodging
 - Level 2.6 Stealth
 + Level 7.6 Spellcasting
 - Level 5.0 Hexes
 - Level 8.3 Summonings
 - Level 5.0 Translocations
 * Level 5.5 Transmutations
 - Level 5.6 Air Magic


You had one spell level left.
You knew the following spells:

 Your Spells              Type           Power      Damage    Failure   Level
a - Summon Small Mammal   Summ           100%       N/A       1%          1
b - Call Imp              Summ           61%        N/A       1%          2
c - Call Canine Familiar  Summ           61%        N/A       1%          3
d - Summon Guardian Gole  Hex/Summ       54%        N/A       1%          3
e - Summon Lightning Spi  Summ/Air       56%        N/A       1%          4
f - Blink                 Tloc           90%        N/A       1%          2
g - Dragon Form           Tmut           24%        N/A       97%         7

Your spell library contained the following spells:

 Spells                   Type           Power      Damage    Failure   Level
 Apportation              Tloc           90%        N/A       1%          1
 Lesser Beckoning         Tloc           45%        N/A       1%          3
 Cause Fear               Hex            22%        N/A       4%          4
 Passage of Golubria      Tloc           45%        N/A       4%          4
 Silence                  Hex/Air        23%        N/A       12%         5
 Manifold Assault         Tloc           45%        N/A       13%         5
 Alistair's Intoxication  Tmut/Pois      20%        N/A       32%         5
 Spellforged Servitor     Conj/Summ      20%        N/A       99%         7
 Orb of Destruction       Conj           6%         9d6       100%        7
 Lehudib's Crystal Spear  Conj/Erth      6%         10d3      100%        8
 Dragon's Call            Summ           30%        N/A       100%        9


Dungeon Overview and Level Annotations

Branches:
Dungeon (11/15)            Temple (1/1) D:4           Sewer (visited)
   Lair: D:8-11         Orc: D:9-12

Altars:
Ashenzari
Cheibriados
Dithmenos
Elyvilon
Gozag
Hepliaklqana
Kikubaaqudgha
Makhleb
Okawaru
Qazlal
Ru
Sif Muna
Trog
Uskayaw
Vehumet
Wu Jian
Xom
Yredelemnul
Zin
The Shining One

Shops:
D:4 *   D:5 :   D:9 *   D:11 !

Portals:
Bailey: D:10

Annotations:
D:10 4 runed translucent doors


Innate Abilities, Weirdness & Mutations

You have sharp claws.
You have razor-sharp teeth.
You have supernaturally acute eyesight. (SInv)
You cover ground quickly. (Speed+)
You are covered in thick fur. (AC +2)
Your paws help you pounce on unaware monsters.
You are incapable of wielding weapons or throwing items.
You cannot wear armour.
You gain extra lives every three experience levels.


Message History

Found a fizzy coppery potion.
Found Butoulikkaca's Distillery.
Found a stone staircase leading down.
There is a stone staircase leading up here.
The acid dragon bites you. The acid dragon barely misses you.
You climb upwards.
You hear the roar of battle.
There is an entrance to a bailey on this level.
Hurry and find it before the portal closes forever!
Level annotation: 4 runed translucent doors
There is a stone staircase leading down here.
Casting: Summon Guardian Golem (safe; 1% risk of failure)
Confirm with . or Enter, or press ? or * to list all spells.
A guardian golem appears, shielding your allies.
The acid dragon spits acid at you. The splash of acid misses you.
Casting: Summon Guardian Golem (safe; 1% risk of failure)
Confirm with . or Enter, or press ? or * to list all spells.
Okay, then.
Casting: Summon Guardian Golem (safe; 1% risk of failure)
Confirm with . or Enter, or press ? or * to list all spells.
You blink.
You feel stable enough to blink again.
Casting: Blink (safe; 1% risk of failure)
Confirm with . or Enter, or press ? or * to list all spells.
The acid dragon spits acid at you. The splash of acid hits you!
What are your orders? t - Meow!
Orders for allies: a - Attack new target. r - Retreat! s - Stop attacking. g - Guard the area. f - Follow me.
Anything else - Cancel.
Gang up on whom?
Press: ? - help, Dir - move target, f - acid dragon
Aim: an acid dragon (ally target) Attack!
The acid dragon spits acid at you. The splash of acid hits you!!
Ouch! That really hurt!
You die...
Your body crumbles into a pile of gold.

.+......+...#.............
.#8C...8#..###.###........
.##8cc8##.......##..8.....
..######.........#.....8..
...5..............##..###.
..#....#...>......# #.#
#.#.####..........# ..
#...####..........#####.
................@......#
.......##........h####.#
.......##.........#
.......##.....[[D.#
.......##.......9.#
......[##.........#
.......###.......##
.......# ##.....##
######## #######


You could see an acid dragon (catching breath, ally target), a friendly guardian
golem (summoned) and a friendly warg (summoned, sheltered).

Vanquished Creatures
  A killer bee (D:9)
  An orc wizard (D:4)
  A ball python (D:3)
  2 quokkas
  4 bats
  A frilled lizard (D:1)
  A kobold (D:2)
  A rat (D:1)
12 creatures vanquished.

Vanquished Creatures (collateral kills)
  A two-headed ogre (D:10)
  3 trolls
  A hornet (D:8)
  A shadow (D:10)
  7 yaks
  Grum (D:9)
  Menkaure (D:7)
  A large abomination (D:9)
  A water moccasin (D:5)
  A black bear (D:6)
  A black bear (shapeshifter) (D:10)
  2 centaurs
  2 wolves (D:9)
  3 kobold brigands
  5 bullfrogs
  A necrophage (D:7)
  4 wights (D:8)
  6 small abominations (D:9)
  13 killer bees
  4 howler monkeys
  6 hounds
  A jelly (D:4)
  2 orc priests
  A gnoll bouda (D:5)
  7 orc wizards
  An iguana (D:5)
  8 gnolls
  15 adders
  3 river rats (Sewer)
  A shadow imp (D:6)
  2 white imps
  An ufetubus (D:5)
  3 dart slugs
  A worm (D:4)
  11 orcs
  4 endoplasms
  4 giant cockroaches
  3 goblins
  3 hobgoblins
  3 jackals (Sewer)
  6 quokkas
  8 ball pythons
  4 bats
  5 frilled lizards
  21 kobolds
  6 rats
189 creatures vanquished.

Vanquished Creatures (others)
  A two-headed ogre (D:10)
  A wizard (D:9)
  A kobold demonologist (D:10)
  4 large abominations (D:9)
  A wyvern (D:8)
  A yak (D:9)
  A steam dragon (D:8)
  An acid dragon (D:10)
  An orc warrior (D:10)
  An ogre (D:7)
  A wolf (D:9)
  2 scorpions (D:4)
  A small abomination (D:9)
  A wight (D:8)
  A killer bee (D:7)
  Crazy Yiuf (D:5)
  2 iguanas
  A nameless horror (D:8)
  A kobold (D:8)
  3 plants (Sewer)
27 creatures vanquished.

Grand Total: 228 creatures vanquished

Notes
Turn   | Place    | Note
-------+----------+-------------------------------------------
     0 | D:1      | funnyparkerb the Felid Summoner began the quest for the
                  | Orb.
     0 | D:1      | Reached XP level 1. HP: 7/7 MP: 4/4
   416 | D:1      | Reached XP level 2. HP: 11/11 MP: 4/6
   419 | D:1      | Learned a level 2 spell: Call Imp
  1272 | D:2      | Identified the +1 robe of the Komodo Dragon {rN++ rCorr
                  | Dex-2 SInv}
  1470 | D:2      | Found a faded altar of an unknown god.
  1478 | D:2      | Reached XP level 3. HP: 14/14 MP: 2/8
  1482 | D:2      | Learned a level 3 spell: Call Canine Familiar
  1902 | D:2      | Reached XP level 4. HP: 18/18 MP: 5/9
  1906 | D:2      | Learned a level 3 spell: Summon Guardian Golem
  3145 | D:4      | Noticed a scorpion
  3255 | D:4      | Reached skill level 1 in Hexes
  3257 | D:4      | Reached skill level 3 in Dodging
  3257 | D:4      | Reached skill level 5 in Summonings
  3374 | D:4      | Reached skill level 1 in Fighting
  3374 | D:4      | Reached XP level 5. HP: 22/22 MP: 3/11
  3518 | D:4      | Found a glowing drain.
  3525 | Sewer    | Entered a sewer
  4322 | D:4      | Identified the +7 whip of Giduogea {spect, rC++ Int-5}
  4382 | D:4      | Gained mutation: You are covered in thick fur. (AC +2)
                  | [Felid growth]
  4382 | D:4      | Reached XP level 6. HP: 26/26 MP: 8/12
  4616 | D:4      | Reached skill level 4 in Dodging
  4959 | D:4      | Found a shimmering altar of Xom.
  5164 | D:4      | Found a burning altar of Makhleb.
  5302 | D:4      | Found Moulel's Assorted Antiques.
  5332 | D:4      | Found a shimmering blue altar of Sif Muna.
  5430 | D:4      | Reached XP level 7. HP: 22/30 MP: 14/14
  5435 | D:4      | Learned a level 4 spell: Summon Lightning Spire
  5570 | D:4      | Found a staircase to the Ecumenical Temple.
  5627 | Temple   | Entered the Ecumenical Temple
  5656 | Temple   | Became a worshipper of Gozag Ym Sagoz the Greedy
  5675 | D:5      | Entered Level 5 of the Dungeon
  6022 | D:5      | Found Sas Ischu's Book Shoppe.
  6286 | D:5      | Reached skill level 1 in Air Magic
  6528 | D:5      | Found a runed translucent door.
  6529 | D:5      | Noticed Crazy Yiuf
  6545 | D:5      | Killed Crazy Yiuf
  6669 | D:5      | Identified the +8 hammer "Guilit" {vamp, rCorr}
  6737 | D:6      | Reached skill level 5 in Dodging
  6853 | D:6      | Reached skill level 5 in Hexes
  7067 | D:5      | Reached XP level 8. HP: 34/34 MP: 4/15
  7638 | D:5      | Bought a book of Spatial Translocations for 286 gold pieces
  7641 | D:5      | Learned a level 2 spell: Blink
  8087 | D:7      | Reached skill level 1 in Translocations
  8374 | D:7      | Noticed Menkaure
  8385 | D:7      | Killed Menkaure
  8386 | D:7      | Reached skill level 6 in Dodging
  8386 | D:7      | Reached skill level 5 in Spellcasting
  9330 | D:8      | HP: 1/36 [steam dragon] (12)]
  9330 | D:8      | Killed from afar by a steam dragon
  9331 | D:8      | Reached XP level 7. HP: -13/32 MP: 15/15
  9331 | D:8      | Reached XP level 8. HP: 36/36 MP: 16/16
  9551 | D:9      | Found a hide-covered altar of Uskayaw.
  9695 | D:8      | Noticed a hornet
  9705 | D:8      | Killed a hornet
  9706 | D:8      | Reached skill level 7 in Dodging
 10191 | D:8      | Reached skill level 5 in Fighting
 10576 | D:9      | Reached XP level 9. HP: 40/40 MP: 10/18
 10671 | D:9      | Reached skill level 5 in Translocations
 10817 | D:9      | Noticed a troll
 10826 | D:9      | Killed a troll
 11012 | D:9      | Noticed Grum
 11018 | D:9      | Killed Grum
 11019 | D:9      | Reached skill level 8 in Dodging
 11179 | D:9      | Noticed a wizard
 11185 | D:9      | Killed a wizard
 11186 | D:9      | Reached skill level 5 in Air Magic
 11287 | D:9      | Reached XP level 10. HP: 45/45 MP: 9/20
 11348 | D:9      | Noticed a large abomination
 11369 | D:9      | Killed a large abomination
 11515 | D:9      | Noticed a large abomination
 11528 | D:9      | Killed a large abomination
 11529 | D:9      | Reached skill level 9 in Dodging
 11689 | D:9      | Found Ichucriwn's General Store.
 11702 | D:9      | Found a snail-covered altar of Cheibriados.
 11814 | D:5      | Bought a book of the Dragon for 506 gold pieces
 11822 | D:5      | Learned a level 7 spell: Dragon Form
 11926 | D:9      | Reached skill level 1 in Transmutations
 12283 | D:9      | Found a hazy altar of Hepliaklqana.
 12468 | D:10     | Entered Level 10 of the Dungeon
 12695 | D:10     | Noticed a two-headed ogre
 12704 | D:10     | Killed a two-headed ogre
 12705 | D:10     | Reached XP level 11. HP: 50/50 MP: 21/23
 12811 | D:10     | Found a flagged portal.
 12820 | D:10     | Found a large runed translucent door.
 12821 | D:10     | Found a large runed translucent door.
 12821 | D:10     | Noticed a centaur warrior
 12830 | D:10     | Noticed a two-headed ogre
 12865 | D:10     | Killed a two-headed ogre
 12866 | D:10     | Reached skill level 10 in Dodging
 12868 | D:10     | Found a large runed translucent door.
 12868 | D:10     | Found a large runed translucent door.
 12897 | D:10     | Reached skill level 5 in Transmutations
 13126 | D:10     | Identified the +6 arbalest "Cajyuri" {penet, Str-3 Int+4
                  | SInv Stlth+}
 13126 | D:10     | Noticed a centaur warrior
 13127 | D:10     | Shot with a bolt by a centaur warrior
 13128 | D:10     | Reached XP level 10. HP: -12/47 MP: 20/22
 13153 | D:10     | Shot with a bolt by a centaur warrior
 13154 | D:10     | Reached XP level 9. HP: -8/43 MP: 20/21
 13159 | D:11     | Found Butoulikkaca's Distillery.
 13168 | D:10     | Killed from afar by an acid dragon

Illustrated notes

Levels and vault maps discovered:
D:1:      mushboom_english_gardens, layout_basic, minmay_misc_feat_room,
          minivault_4
D:2:      layout_basic, shapermc_ecumenical_altar_pompeii
D:3:      layout_rooms
D:4:      layout_basic, grunt_temple_overflow_champion_of_chaos,
          nicolae_sif_muna_condensation, minmay_temple_entry_glassed_door,
          gup_sewer_entry_bubbles, serial_shops, shop, serial_glass,
          glass_columns_a, glass_columns_c, glass_columns_b, glass_columns_a
D:5:      layout_cave_pools, serial_shops, nicolae_shop_hallway_plus,
          uniq_crazy_yiuf_cottage
D:6:      layout_gridville
D:7:      layout_loops_corners, corexii_corridor_pit,
          hangedman_abyss_or_decor_stabs, uniq_menkaure
D:8:      layout_rooms
D:9:      layout_loops_ring, kennysheep_little_box,
          mainiacjoe_overflow_large_starburst, serial_shops, nicolae_shop_trees,
          laboratory, uniq_grum
D:10:     layout_rooms, enter_bailey_6, minmay_hollow_rounded_squares
D:11:     layout_loops_ring, lair_entry_dummy, orc_0_dummy, serial_shops,
          nicolae_shop_temple_entry_statues_fountains, nicolae_stop_n_shop_2,
          nicolae_take_the_stairs, serial_glass, glass_columns_b,
          glass_columns_b, item_on_display_a
Temple:   nicolae_temple_x_marks_the_god

Skill      XL: |  1  2  3  4  5  6  7  8  9 10 11 |
---------------+----------------------------------+-----
Spellcasting   | 3 4 5 6 7 |  7.6
Hexes          | 1 2 3 5 |  5.0
Dodging        | 3 4 5 7 8 9 10 | 10.2
Summonings     | 5 6 7 8 |  8.3
Fighting       | 1 2 3 5 6 7 |  7.4
Air Magic      | 2 4 5 |  5.6
Translocations | 4 5 |  5.0
Transmutations | 4 5 |  5.5
Stealth        | |  2.6

Action                   |  1- 3 |  4- 6 |  7- 9 | 10-12 || total
-------------------------+-------+-------+-------+-------++-------
Melee: Unarmed           |    20 |    26 |     1 |     2 ||    49
       Bite              |     2 |     4 |       |       ||     6
 Cast: Summon Small Mamm |    29 |     9 |     5 |     2 ||    45
       Call Imp          |    11 |    14 |    13 |     8 ||    46
       Call Canine Famil |     4 |    36 |    36 |    17 ||    93
       Summon Guardian G |       |     7 |    30 |    18 ||    55
       Summon Lightning  |       |       |    26 |    16 ||    42
       Blink             |       |       |     2 |     1 ||     3
Evoke: Wand              |       |     1 |       |       ||     1
  Use: Potion            |       |     1 |       |       ||     1
       Scroll            |       |       |    13 |       ||    13
 Stab: Distracted        |       |     1 |       |       ||     1
Armor: Skin              |       |     2 |     2 |     2 ||     6
Dodge: Dodged            |    35 |    51 |    32 |    52 ||   170
